cohdb
Replays
Latest Replays
All Replays
Popular Replays
Top Player Replays
Match Explorer
How It Works
Community
CoH3 Stats
Reddit
Sign in to upload your games and track your stats! →
Sign in with Steam
Match 44447812
Unlisted
Match 44447812
Overview
Messages
Build Orders
End
Vickers Machine Gun Team
Construct Section Command Post
ML 3-inch Mortar Team
Selects Heavy Armor Battlegroup
Infantry Section
Selects Rigorous Vehicle Training
Infantry Section
Construct Platoon Command Post
Unlock Bishop Self-propelled Artillery
Selects Forward Repair Assembly
Selects UNKNOWN (2162094)
Selects Light Vehicle Withdraw and Refit
Bishop Self-propelled Artillery
Infantry Training
Light Vehicle Training
Infantry Section
Grenade Package
6-pounder Anti-tank Gun Team
Bishop Self-propelled Artillery
CMP 15cwt Truck
Selects UNKNOWN (202330)
Selects Recon Artillery
6-pounder Anti-tank Gun Team
Kirschinator
Serial Chiller
1204346298
Kickapoo
巍哥
Lalu
men4ik =)
piajicooh
0
0
Comments
sign in to comment!
No comments posted yet!